 Dungeon Crawl Stone Soup version 0.21.1-1-g345015f (webtiles) character file.

11760 Monsterracer the Slinger (level 11, -2/50 HPs)
             Began as a Spriggan Hunter on Feb 20, 2018.
             Was a High Priest of Hepliaklqana.
             Slain by a black mamba (7 damage)
             ... on level 1 of the Lair of Beasts on Feb 21, 2018.
             The game lasted 00:48:24 (18244 turns).

Monsterracer the Slinger (Spriggan Hunter)         Turns: 18244, Time: 00:48:25

Health: -2/50      AC:  6    Str: 15    XL:     11   Next: 53%
Magic:  15/15      EV: 24    Int: 13    God:    Hepliaklqana [*****.]
Gold:   482        SH:  7    Dex: 17    Spells: 3/10 levels left

rFire    . . .     SeeInvis +   b - +2 short sword (speed)
rCold    . . .     Gourm    .   C - +0 buckler
rNeg     . . .     Faith    .   H - +0 robe
rPois    .         Spirit   .   (helmet restricted)
rElec    .         Reflect  .   z - +1 cloak
rCorr    .         Harm     .   (gloves unavailable)
MR       +....                  (boots unavailable)
Stlth    +++++.....             (no amulet)
HPRegen  0.16/turn              I - +4 ring of strength
MPRegen  0.14/turn              p - +2 ring of protection

@: lethally poisoned (-2 -> -52), very quick
A: very small, unfitting armour, reduced essence, see invisible, herbivore,
speed 3, slow metabolism 2
a: Recall Ancestor, Ancestor Identity, Transference, Idealise, Renounce Religion


You were on level 1 of the Lair of Beasts.
You worshipped Hepliaklqana.
Hepliaklqana was extremely pleased with you.
You were not hungry.

You visited 2 branches of the dungeon, and saw 13 of its levels.

You collected 618 gold pieces.
You spent 136 gold pieces at shops.

Inventory:

Hand Weapons
 a - a +1 hunting sling
 b - a +2 short sword of speed (weapon)
 e - a +1 dagger of holy wrath
 w - a +1 dagger of flaming
Missiles
 d - 18 sling bullets
 f - 290 stones (quivered)
 A - a throwing net
Armour
 z - a +1 cloak (worn)
 C - a +0 buckler (worn)
 H - a +0 robe (worn)
Jewellery
 p - a +2 ring of protection (right hand)
 E - the ring "Sigetuir" {Wiz Dex+2}
   (You found it on level 8 of the Dungeon)

   [ring of wizardry]

   It improves your spell success rate.
   It affects your dexterity (+2).
 I - a +4 ring of strength (left hand)
 O - an uncursed ring of protection from fire {!d}
Wands
 t - a wand of flame (36)
 u - a wand of digging (16)
 x - a wand of scattershot (3)
 y - a wand of iceblast (7)
 Q - a wand of disintegration (11)
Scrolls
 h - 2 scrolls of blinking
 i - a scroll of immolation {!r}
 o - a scroll of magic mapping {!r}
 r - 5 scrolls of remove curse
 s - 11 scrolls of teleportation
 K - 4 scrolls of identify
 L - 2 scrolls of amnesia
 N - 3 scrolls of enchant weapon
 P - a scroll of fog
Potions
 g - 2 potions of mutation {!q}
 j - 8 potions of curing
 k - 2 potions of flight
 l - a potion of ambrosia {!q}
 m - 3 potions of might
 n - 2 potions of agility
 q - 5 potions of brilliance
 v - a potion of cancellation
 D - 2 potions of heal wounds {unknown}
 F - 2 potions of berserk rage {!q}
 J - 2 potions of magic {unknown}
 M - a potion of lignification {unknown}
Books
 G - a book of Enchantments

   Spells                             Type                      Level
   a - Cause Fear                     Hexes                        4
   b - Yara's Violent Unravelling     Hexes/Transmutation          5
   c - Silence                        Hexes/Air                    5
   d - Deflect Missiles               Charms/Air                   6
   e - Discord                        Hexes                        8
Comestibles
 c - 4 rations


   Skills:
 + Level 5.7 Fighting
 * Level 10.2 Short Blades
 * Level 11.9 Slings
 + Level 8.6 Dodging
 + Level 10.2 Stealth
 + Level 3.5 Shields
 + Level 4.7 Invocations
 + Level 0.4 Evocations


You had 3 spell levels left.
You knew the following spells:

 Your Spells              Type           Power        Failure   Level  Hunger
y - Deflect Missiles      Chrm/Air       #.........   100%        6    #######
z - Apportation           Tloc           #.....       36%         1    ##.....


Dungeon Overview and Level Annotations

Branches:
Dungeon (11/15)            Temple (0/1) D:4            Lair (2/6) D:11
    Orc (0/2) D:10
  Swamp: Lair:2-4    Shoals: Lair:2-4     Snake: Lair:2-4    Spider: Lair:2-4

Altars:
Cheibriados
Dithmenos
Elyvilon
Gozag
Hepliaklqana
Kikubaaqudgha
Nemelex Xobeh
Qazlal
Ru
Vehumet
The Shining One

Shops:
D:9 *

Annotations:
D:10 Dioder's ghost, novice DEWz


Innate Abilities, Weirdness & Mutations

You are very small and have problems with some larger weapons.
You are too small for most types of armour.
You have supernaturally acute eyesight. (SInv)
You are a herbivore.
You cover ground extremely quickly.
You need consume almost no food.
Your life essence is reduced to manifest your ancestor. (-10% HP)


Message History

You feel sick.
You are no longer poisoned.
You start resting.
HP restored.
Health restored: 50 You climb downwards.
The black mamba completely misses you. The spriggan barely misses you.
You block the black mamba's attack.
The spriggan hits you with a short sword.
There is a stone staircase leading up, spattered with blood here.
You take 5 damage, and have 45/50 hp.
The black mamba bites you! You block the black mamba's attack.
The spriggan closely misses you.
You climb upwards.
There is a stone staircase leading down here.
You take 10 damage, and have 35/50 hp.
You swap places.
The black mamba closely misses you.
Libusa hits the black mamba but does no damage.
The spriggan hits Libusa with a short sword.
You hit the black mamba.
The black mamba is lightly wounded.
The black mamba completely misses you.
You miss the black mamba.
The black mamba is lightly wounded.
The spriggan barely misses Libusa.
Libusa closely misses the spriggan.
The black mamba bites you.
You are poisoned.
The black mamba poisons you!
You take 2 damage, and have 34/50 hp.
You miss the black mamba.
The black mamba is lightly wounded.
You feel sick.
You take 1 damage, and have 33/50 hp.
You hit the black mamba but do no damage.
The black mamba is lightly wounded.
You feel sick. The black mamba closely misses you.
You take 1 damage, and have 32/50 hp.
You barely miss the black mamba.
The black mamba is lightly wounded.
The spriggan hits Libusa with a short sword.
Libusa hits the spriggan but does no damage.
Libusa drains the spriggan!
You block the black mamba's attack.
You hit the black mamba but do no damage.
The black mamba is lightly wounded.
You feel sick.
You take 1 damage, and have 31/50 hp.
You hit the black mamba.
The black mamba is lightly wounded.
You block the black mamba's attack.
The spriggan blocks Libusa's attack.
The spriggan hits Libusa with a short sword!
You miss the black mamba.
The black mamba is lightly wounded.
You feel sick. The black mamba completely misses you.
You take 1 damage, and have 30/50 hp.
You hit the black mamba.
The black mamba is moderately wounded.
The black mamba bites you.
You are lethally poisoned!
The black mamba poisons you!
You take 4 damage, and have 26/50 hp.
You hit the black mamba.
The black mamba is moderately wounded.
* * * LOW HITPOINT WARNING * * *
You feel sick.
The spriggan hits Libusa with a short sword!
Libusa barely misses the spriggan.
You take 1 damage, and have 25/50 hp.
You hit the black mamba but do no damage.
The black mamba is moderately wounded.
* * * LOW HITPOINT WARNING * * *
You feel sick. You block the black mamba's attack.
You take 2 damage, and have 23/50 hp.
You miss the black mamba.
The black mamba is moderately wounded.
* * * LOW HITPOINT WARNING * * *
You feel sick. The black mamba bites you!
* * * LOW HITPOINT WARNING * * *
You are more poisoned.
The black mamba poisons you!
Libusa points at the spriggan and mumbles some strange words.
The spriggan resists with almost no effort.
The spriggan hits Libusa with a short sword.
You take 13 damage, and have 10/50 hp.
MASSIVE DAMAGE!!
You closely miss the black mamba.
The black mamba is moderately wounded.
* * * LOW HITPOINT WARNING * * *
You feel sick. The black mamba misses you.
You take 2 damage, and have 8/50 hp.
You puncture the black mamba!
The black mamba is heavily wounded.
* * * LOW HITPOINT WARNING * * *
You feel sick.
The spriggan hits Libusa with a short sword!
Libusa hits the spriggan with a dagger of draining.
Libusa drains the spriggan!
The black mamba closely misses you.
You take 1 damage, and have 7/50 hp.
You hit the black mamba.
The black mamba is heavily wounded.
* * * LOW HITPOINT WARNING * * *
You feel sick. The black mamba bites you!
You die...

#.............###.....####
##............##........P#
#.......................#
##......................#
##.......)..............#
##.......................#
###........................#
.##........>...†..........##
.###...>......RS@..........#
###..........i...####...####
##.............### ##.##
.............### ###
............## ...........##
#P.........# #......#..|#
...###.##..#


You could see the friendly Libusa the hexer, a black mamba and a spriggan.

Vanquished Creatures
  A two-headed ogre (D:9)
  A manticore (D:11)
  An ugly thing (D:11)
  A black mamba (Lair:1)
  A centaur zombie (D:11)
  A spiny frog (Lair:1)
  A komodo dragon (Lair:1)
  A polar bear (D:8)
  A hippogriff (D:7)
  2 yaks (D:8)
  3 wraiths (D:8)
  The ghost of buskinjo the Magician, an amateur DrWz (D:3)
  An acid dragon (D:11)
  2 water moccasins
  2 porcupines
  3 orc warriors
  An ice beast (D:11)
  A black bear (D:6)
  2 sky beasts
  An ogre (D:11)
  2 phantoms
  6 centaurs
  A crocodile (Lair:2)
  An elf zombie (D:8)
  8 bullfrogs
  A gnoll sergeant (D:9)
  A wyvern zombie (D:7)
  2 scorpions
  5 killer bees
  4 howler monkeys
  6 wights
  A troll skeleton (D:8)
  3 crimson imps
  A quasit (D:9)
  3 hounds
  3 human zombies (D:8)
  7 orc wizards
  A bullfrog skeleton (D:9)
  Crazy Yiuf (D:5)
  3 jellies
  Terence (D:2)
  2 iguanas
  4 worker ants
  A bullfrog simulacrum (D:8)
  A hound zombie (D:8)
  2 hound skeletons
  A mummy (D:8)
  3 worker ant zombies
  6 gnolls
  A shadow imp (D:9)
  7 adders
  2 white imps (D:8)
  An ufetubus (D:8)
  An ooze (D:3)
  2 adder zombies (D:5)
  2 adder skeletons
  2 worms
  5 dart slugs
  4 leopard geckos
  29 orcs
  7 giant cockroaches
  4 goblins
  9 hobgoblins
  10 jackals
  3 quokkas
  3 bats
  7 frilled lizards
  A giant cockroach zombie (D:5)
  2 hobgoblin zombies (D:9)
  2 jackal zombies (D:5)
  2 kobolds
  A leopard gecko zombie (D:5)
  2 orc skeletons (D:9)
  2 orc zombies
  A quokka skeleton (D:7)
  8 rats
229 creatures vanquished.

Vanquished Creatures (collateral kills)
  A two-headed ogre (D:10)
  A manticore (D:8)
  A hippogriff (D:8)
  A yak (D:8)
  A hungry ghost (D:11)
  Edmund (D:4)
  2 porcupines
  A sky beast (D:9)
  A black bear (D:11)
  A phantom (D:10)
  A centaur (D:9)
  2 bullfrogs
  2 scorpions
  5 killer bees
  2 electric eels
  A centaur zombie (D:6)
  A crimson imp (D:5)
  A bullfrog zombie (D:6)
  A hound (D:4)
  9 orc wizards
  2 orc priests
  A jelly (D:9)
  An iguana (D:4)
  5 worker ants
  A hound skeleton (D:4)
  A howler monkey zombie (D:9)
  A worker ant zombie (D:5)
  2 gnolls
  2 adders
  A white imp (D:8)
  An ufetubus (D:8)
  An adder skeleton (D:5)
  2 dart slugs
  10 orcs
  A hobgoblin (D:3)
  3 jackals
  A quokka (D:10)
  A ball python (D:5)
  2 kobolds
75 creatures vanquished.

Vanquished Creatures (others)
  13 hexers
  5 ancestors
  A kobold (D:2)
  9 fungi (D:11)
  2 plants (D:11)
30 creatures vanquished.

Grand Total: 334 creatures vanquished

Notes
Turn   | Place    | Note
-------+----------+-------------------------------------------
     0 | D:1      | Monsterracer the Spriggan Hunter began the quest for the Orb.
     0 | D:1      | Reached XP level 1. HP: 10/10 MP: 2/2
    99 | D:1      | Reached skill level 5 in Slings
   170 | D:1      | Reached XP level 2. HP: 15/15 MP: 3/3
  1061 | D:1      | Reached skill level 1 in Short Blades
  1116 | D:2      | Found a hazy altar of Hepliaklqana.
  1145 | D:2      | Became a worshipper of Hepliaklqana the Forgotten
  1161 | D:2      | Reached XP level 3. HP: 16/16 MP: 4/4
  1702 | D:2      | Found a radiant altar of Vehumet.
  1750 | D:2      | Noticed Terence
  1764 | D:2      | Killed Terence
  1764 | D:2      | Reached XP level 4. HP: 20/20 MP: 5/5
  2155 | D:3      | Reached * piety under Hepliaklqana
  2232 | D:3      | Found a shadowy altar of Dithmenos.
  2366 | D:3      | Noticed buskinjo's ghost (amateur DrWz)
  2398 | D:3      | Killed buskinjo's ghost
  2398 | D:3      | Reached skill level 6 in Slings
  2398 | D:3      | Reached XP level 5. HP: 22/24 MP: 6/6
  2778 | D:4      | Noticed a phantom
  2808 | D:4      | HP: 11/24 [phantom (6)]
  2811 | D:4      | Killed a phantom
  2811 | D:4      | Reached XP level 6. HP: 13/28 MP: 7/7
  3191 | D:4      | HP: 14/28 [poisoned by a scorpion]
  3196 | D:4      | HP: 13/28 [poisoned by a scorpion]
  3201 | D:4      | HP: 10/28 [poisoned by a scorpion]
  3206 | D:4      | HP: 9/28 [poisoned by a scorpion]
  3215 | D:4      | HP: 7/28 [poisoned by a scorpion]
  3221 | D:4      | HP: 7/28 [poisoned by a scorpion]
  3539 | D:4      | HP: 5/28 [gnoll/trident (10)]
  3829 | D:4      | Noticed Edmund
  3856 | D:4      | HP: 13/28 [Edmund/dire flail of holy wrath (13)]
  3866 | D:4      | Killed Edmund
  3866 | D:4      | Reached skill level 5 in Dodging
  3866 | D:4      | Reached XP level 7. HP: 16/31 MP: 8/8
  4186 | D:4      | Reached skill level 5 in Stealth
  4222 | D:4      | HP: 16/32 [poisoned by a scorpion]
  4227 | D:4      | HP: 15/32 [poisoned by a scorpion]
  4234 | D:4      | HP: 13/32 [poisoned by a scorpion]
  4242 | D:4      | HP: 12/32 [poisoned by a scorpion]
  4456 | D:4      | Reached skill level 7 in Slings
  4565 | D:4      | Found a staircase to the Ecumenical Temple.
  4636 | D:5      | Entered Level 5 of the Dungeon
  5023 | D:5      | Found a sparkling altar of Nemelex Xobeh.
  5205 | D:5      | Reached skill level 5 in Short Blades
  5223 | D:5      | Reached XP level 8. HP: 31/36 MP: 9/9
  5389 | D:5      | Found a runed door.
  6114 | D:5      | Noticed Crazy Yiuf
  6118 | D:5      | Killed Crazy Yiuf
  6186 | D:6      | Found a stormy altar of Qazlal.
  6316 | D:6      | Reached ** piety under Hepliaklqana
  6317 | D:6      | Remembered your ancestor Libusa as a hexer
  6544 | D:6      | Reached skill level 8 in Slings
  6915 | D:6      | Learned a level 1 spell: Apportation
  7211 | D:6      | Found a sacrificial altar of Ru.
  7512 | D:6      | Reached XP level 9. HP: 23/40 MP: 10/10
  8394 | D:7      | HP: 18/40 [wyvern zombie (15)]
  9030 | D:7      | Reached *** piety under Hepliaklqana
  9376 | D:8      | Found a white marble altar of Elyvilon.
  9397 | D:8      | Reached skill level 9 in Slings
  9484 | D:8      | Got a smoking robe
  9515 | D:8      | Identified the +1 robe "Pomaod" {+Blink rElec rC++ Slay-4} (You found it on level 8 of the Dungeon)
  9552 | D:7      | Reached skill level 1 in Invocations
 10174 | D:8      | Noticed a polar bear
 10195 | D:8      | HP: 9/40 [polar bear (14)]
 10501 | D:8      | Noticed a manticore
 10527 | D:8      | HP: 17/40 [manticore/volley of spikes (14)]
 10545 | D:8      | HP: 9/40 [manticore (10)]
 10545 | D:8      | Killed a manticore
 10545 | D:8      | Reached skill level 1 in Shields
 10862 | D:8      | Killed a polar bear
 10967 | D:8      | HP: 19/41 [orc wizard/magic dart (6)]
 11170 | D:8      | HP: 20/41 [electric eel/bolt of electricity (10)]
 11336 | D:8      | HP: 13/41 [electric eel/bolt of electricity (12)]
 11336 | D:8      | HP: 1/41 [electric eel/bolt of electricity (12)]
 11963 | D:8      | Reached skill level 10 in Slings
 11963 | D:8      | Reached XP level 10. HP: 28/45 MP: 12/12
 12110 | D:8      | Found an ancient bone altar of Kikubaaqudgha.
 12175 | D:8      | Got a twitching lapis lazuli ring
 12179 | D:8      | Identified the ring "Sigetuir" {Wiz Dex+2} (You found it on level 8 of the Dungeon)
 12227 | D:8      | Found a snail-covered altar of Cheibriados.
 12250 | D:8      | Found an opulent altar of Gozag.
 12338 | D:8      | HP: 19/45 [yak (6)]
 12776 | D:9      | Reached **** piety under Hepliaklqana
 12890 | D:9      | Found a glowing golden altar of the Shining One.
 13044 | D:9      | Learned a level 6 spell: Deflect Missiles
 13499 | D:9      | Noticed a two-headed ogre
 13566 | D:9      | HP: 22/45 [two-headed ogre/giant spiked club (23)]
 13606 | D:9      | Killed a two-headed ogre
 13606 | D:9      | Reached skill level 5 in Fighting
 13898 | D:9      | HP: 22/45 [sky beast (6)]
 14119 | D:9      | Found Omudarch's General Store.
 14127 | D:9      | Bought a scroll of teleportation for 39 gold pieces
 14127 | D:9      | Bought a scroll of blinking for 97 gold pieces
 14362 | D:10     | Entered Level 10 of the Dungeon
 14362 | D:10     | Noticed a two-headed ogre
 14373 | D:10     | Killed a two-headed ogre
 14373 | D:10     | Reached skill level 11 in Slings
 14485 | D:10     | Noticed Dioder's ghost (novice DEWz)
 14494 | D:10     | HP: 21/45 [Dioder's ghost/magic dart (9)]
 14500 | D:10     | HP: 20/45 [Dioder's ghost] (1)]
 14517 | D:10     | HP: 14/45 [Dioder's ghost/magic dart (8)]
 14995 | D:10     | Found a staircase to the Orcish Mines.
 15541 | D:11     | HP: 17/45 [orc priest/divine providence (16)]
 15545 | D:11     | HP: 6/45 [orc priest/divine providence (11)]
 15793 | D:11     | Reached XP level 11. HP: 50/50 MP: 13/15
 16022 | D:11     | HP: 20/50 [wight/battleaxe of freezing (6)]
 16452 | D:11     | HP: 19/50 [acid (14)]
 16876 | D:11     | Reached skill level 10 in Stealth
 16909 | D:11     | Noticed a brown ugly thing
 16910 | D:11     | Killed a brown ugly thing
 16910 | D:11     | Reached skill level 10 in Short Blades
 16937 | D:11     | Noticed a death knight
 17002 | D:11     | Found a staircase to the Lair.
 17086 | Lair:1   | Entered Level 1 of the Lair of Beasts
 17583 | Lair:1   | Reached ***** piety under Hepliaklqana
 18239 | Lair:1   | HP: 25/50 [poisoned by a black mamba]
 18241 | Lair:1   | HP: 10/50 [black mamba (12)]
 18244 | Lair:1   | Slain by a black mamba

Skill      XL: |  1  2  3  4  5  6  7  8  9 10 11 |
---------------+----------------------------------+-----
Slings         | 5 6 7 8 10 11 | 11.9
Stealth        | 2 3 4 5 6 8 9 10 | 10.2
Short Blades   | 1 2 3 4 5 6 8 9 10 | 10.2
Fighting       | 2 3 4 5 |  5.7
Dodging        | 4 5 6 8 |  8.6
Invocations    | 2 4 |  4.7
Shields        | 1 3 |  3.5
Evocations     | |  0.4

Action                   |  1- 3 |  4- 6 |  7- 9 | 10-12 || total
-------------------------+-------+-------+-------+-------++-------
Melee: Short sword       |    67 |   137 |   437 |   347 ||   988
       Dagger            |     1 |     1 |       |    65 ||    67
 Fire: Hunting sling     |    37 |    54 |   126 |   171 ||   388
Throw: Stone             |       |       |       |     3 ||     3
Invok: Ancestor Life: He |       |       |     1 |       ||     1
       Recall Ancestor   |       |       |     2 |     3 ||     5
Evoke: Wand              |       |       |       |     3 ||     3
  Use: Scroll            |       |    13 |     4 |     8 ||    25
       Potion            |       |       |       |     1 ||     1
 Stab: Sleeping          |     6 |     3 |    17 |    20 ||    46
       Distracted        |     1 |       |     5 |     4 ||    10
       Confused          |       |       |     5 |     7 ||    12
  Eat: Ration            |       |     1 |     4 |     4 ||     9
Armor: Robe              |     5 |     9 |    26 |    10 ||    50
Dodge: Dodged            |    62 |    81 |   331 |   195 ||   669
Block: Buckler           |       |       |    19 |    88 ||   107

Vault maps used:
D:1:      minmay_arrival_shattered_statue, minmay_misc_feat_plants
D:2:      nicolae_overflow_crystal_walls, fiery_altar_vehumet, first_ration,
          uniq_terence
D:3:      lemuel_coloured_pillars_altar
D:4:      minmay_temple_entry_enclosed_plants, uniq_edmund
D:5:      nicolae_overflow_hidden_temple, uniq_crazy_yiuf_cottage
D:6:      overflow_temple_1_default, lemuel_doored_altar, lightli_minifort
D:7:      kennysheep_windowed_goal
D:8:      lemuel_mausoleum_altar_kikubaaqudgha, elyvilon_altar_3, minitemple,
          serial_ice, serial_ice_i, serial_ice_g, serial_ice_f, serial_ice_b
D:9:      nicolae_tso_besieged_by_evil, serial_shops, shop
D:10:     orc_0_dummy
D:11:     minmay_imperfect_grid, grunt_lair_entry_orc_guard_hut, serial_shops,
          kennysheep_mini_moat
Lair:2:   grunt_forest_large_clearing_hut, infiniplex_staircase_pool
